AoeStats
← VLLC23

Arabia

506317253Analyzed
1v1 RM · 18d ago on Sep 13, 2026· 38m 57s· 2 players
Game mode
Random Map
Map size
Tiny (2 player)
Population
200
Speed
Normal
Resources
Standard
Victory
Conquest
Starting age
Dark Age
Ending age
Imperial Age
RankedLock teamsTeams togetherTeam positionsShared explorationLock speedFull tech treeHidden civsTurbo modeCheats
Victory
Defeat
🇦🇷 Burgundians · Argentina
1176
+14
🇲🇽 Khmer · Mexico
1131
-14
HUASTECO
4:56 Loom
10:57 Feudal Age
11:06 Man-at-Arms
17:14 Double-Bit Axe
17:28 Town Watch
20:12 Bloodlines
20:49 Horse Collar
21:24 Forging
25:30 Castle Age
23:44 Scale Mail Armor
24:33 Scale Barding Armor
25:13 Gold Mining
28:49 Wheelbarrow
29:24 Husbandry
28:47 Light Cavalry
29:19 Pikeman
32:48 Iron Casting
35:08 Bow Saw
38:56 Chain Barding Armor
VLLC23
6:54 Loom
9:12 Feudal Age
8:04 Double-Bit Axe
10:16 Bow Saw
10:57 Horse Collar
18:03 Fletching
18:57 Heavy Plow
23:33 Castle Age
21:41 Gold Mining
22:40 Forging
22:57 Scale Barding Armor
23:47 Pikeman
24:30 Stone Mining
25:19 Wheelbarrow
26:10 Two-Man Saw
26:41 Chain Barding Armor
26:11 Cavalier
27:32 Hand Cart
28:58 Stone Shaft Mining
31:29 Bodkin Arrow
33:27 Iron Casting
33:26 Husbandry
34:20 Town Watch
36:24 Burgundian Vineyards
40:56 Imperial Age
Connection lost

Rejoining the realm…

Still unreachable

The connection could not be restored.

Session expired

The server has moved on; the page needs a fresh start.